 Dungeon Crawl Stone Soup version 0.29.0-4-gdea44cf6ec (webtiles) character file.

Game seed: 3583872065344543476

114 qw the Chopper (level 4, -9/26 HPs)
             Began as a Tengu Warper on Aug 28, 2022.
             Mangled by a yak (12 damage)
             ... on level 5 of the Dungeon.
             The game lasted 00:00:10 (2277 turns).

qw the Chopper (Tengu Warper)                       Turns: 2277, Time: 00:00:10

Health: -9/26      AC:  3    Str: 14    XL:     4   Next: 98%
Magic:  8/8        EV: 12    Int: 13    God:
Gold:   54         SH:  0    Dex: 13    Spells: 7/7 levels left

rFire   . . .      SeeInvis .   Y - +0 war axe
rCold   . . .      Faith    .   (no shield)
rNeg    . . .      Spirit   .   b - +0 leather armour
rPois   .          Reflect  .   (helmet restricted)
rElec   .          Harm     .   (no cloak)
rCorr   .          Rampage  .   (no gloves)
Will    .....                   (boots unavailable)
Stlth   +.........              (no amulet)
HPRegen 0.08/turn               (no ring)
MPRegen 0.11/turn               (no ring)

@: no status effects
A: beak, talons 3
a: no special abilities


You were on level 5 of the Dungeon.
You visited 1 branch of the dungeon, and saw 4 of its levels.

You collected 54 gold pieces.


Innate Abilities, Weirdness & Mutations

You have a beak for a mouth.
You have claws for feet.


   Skills:
 - Level 2.0 Fighting
 + Level 5.5 Axes
 - Level 1.0 Throwing
 - Level 1.1 Armour
 - Level 2.1 Dodging
 - Level 2.0 Spellcasting
 - Level 2.4 Translocations


You had 7 spell levels left.
You didn't know any spells.
Your spell library contained the following spells:

 Spells                   Type           Power      Damage    Failure   Level
 Blink                    Tloc           14%        N/A       19%         2
 Gell's Gravitas          Tloc           7%         N/A       34%         3
 Lesser Beckoning         Tloc           7%         N/A       34%         3
 Teleport Other           Tloc           7%         N/A       34%         3
 Manifold Assault         Tloc           7%         N/A       97%         5

Inventory:

Hand Weapons
 e - a +0 whip
 Y - a +0 war axe (weapon)
Armour
 b - a +0 leather armour (worn)
Scrolls
 a - a scroll of identify
Potions
 c - a potion of curing
 f - a potion of magic {unknown}
 g - a potion of berserk rage {unknown}
 h - a potion of degeneration {unknown}
 i - a potion of mutation {unknown}

Dungeon Overview and Level Annotations

Branches:
Dungeon (3/15)

Altars:

Shops:
D:1 =


Message History

(1) D:2 (2) D:1 Assign waypoint to what number? (0-9, D - delete waypoint) Waypoint 2 re-assigned from D:1 to D:5.
A jelly comes into view.
The jelly quivers.
You hit the jelly but do no damage.
Your hands burn!
You claw the jelly. You peck the jelly.
The jelly is moderately wounded.
The jelly hits you but does no damage.
You slash the jelly!
Your hands burn!
You claw the jelly.
You kill the jelly!
Your Axes skill increases to level 5!
You start resting.
An ufetubus comes into view.
The ufetubus shouts!
A yak comes into view.
The yak bellows!
You hear a shout!
An adder comes into view.
You slash the ufetubus!
You kill the ufetubus!
You hit the yak.
The yak is lightly wounded.
The yak gores you but does no damage. The yak misses you.
You slash the yak!
The yak is moderately wounded.
You slash the adder! The adder misses you. The yak gores you!
The adder bites you but does no damage.
You hit the adder.
You kill the adder!
You barely miss the yak. The yak gores you.
You barely miss the yak. Your kick misses the yak. Your punch misses the yak.
The yak is moderately wounded.
The yak gores you but does no damage.
You hit the yak. You claw the yak, but do no damage. Your peck misses the yak.
The yak is moderately wounded.
The yak gores you!
Ouch! That really hurt!
The yak gores you!
You die...

7..7....#
........#
........##
.........#
.........#
.........##
......Y%..# .
.......@####....
................
############.##.


You could see a yak.

Vanquished Creatures
  A jelly (D:5)
  5 adders
  An ufetubus (D:5)
  A worm (D:2)
  2 dart slugs (D:1)
  A giant cockroach (D:1)
  4 goblins (D:1)
  4 hobgoblins
  3 ball pythons
  4 bats
  A frilled lizard (D:1)
  3 kobolds
  3 rats (D:1)
33 creatures vanquished.

Notes
Turn   | Place    | Note
-------+----------+-------------------------------------------
     0 | D:1      | qw the Tengu Warper began the quest for the Orb.
     0 | D:1      | Reached XP level 1. HP: 12/12 MP: 4/4
     0 | D:1      | 0 ||| qw: Version: 0.1-a-89-g26bdef1
     0 | D:1      | 0 ||| qw: Game counter: 3341
     0 | D:1      | 0 ||| qw: Always use a shield: true
     0 | D:1      | 0 ||| qw: God list: Okawaru
     0 | D:1      | 0 ||| qw: Allow faded altars: false
     0 | D:1      | 0 ||| qw: Do Orc after D:15 true
     0 | D:1      | 0 ||| qw: Do second Lair branch before Depths: true
     0 | D:1      | 0 ||| qw: Lair rune preference: random
     0 | D:1      | 0 ||| qw: Plans: Normal
     0 | D:1      | 0 ||| PLANNING D:1-11
    88 | D:1      | Reached skill level 3 in Axes
    88 | D:1      | Reached XP level 2. HP: 17/17 MP: 6/6
   130 | D:1      | 130 ||| Stepping ~*~*~tactically~*~*~ (stealth).
   132 | D:1      | 132 ||| Stepping ~*~*~tactically~*~*~ (stealth).
   134 | D:1      | 134 ||| Stepping ~*~*~tactically~*~*~ (hiding).
   164 | D:1      | Found Zaits's Jewellery Shoppe.
   174 | D:1      | 174 ||| SHOPLISTING +6 ring of strength (396 gold, have
                  | 14).
   174 | D:1      | 174 ||| SHOPLISTING amulet of the acrobat (330 gold, have
                  | 14).
   174 | D:1      | 174 ||| SHOPLISTING ring of ice (275 gold, have 14).
   174 | D:1      | 174 ||| SHOPLISTING ring of positive energy (220 gold, have
                  | 14).
   174 | D:1      | 174 ||| SHOPLISTING ring of see invisible (165 gold, have
                  | 14).
   333 | D:1      | Found a faded altar of an unknown god.
   468 | D:1      | 468 ||| Stepping ~*~*~tactically~*~*~ (stealth).
   469 | D:1      | 469 ||| Stepping ~*~*~tactically~*~*~ (stealth).
   588 | D:1      | 588 ||| READING scroll labelled LAKIORCH DIOSM.
   589 | D:1      | 589 ||| READING scroll labelled MIZXAW EGIMNUENT.
   590 | D:1      | 590 ||| READING scroll labelled JOHINIM XASARI.
   591 | D:1      | 591 ||| READING scroll labelled KOEHIAQOBEH.
   592 | D:1      | 592 ||| DROPPING scroll of blinking.
   593 | D:1      | 593 ||| Stepping randomly (stuck).
   594 | D:1      | 594 ||| Stepping ~*~*~tactically~*~*~ (cloud).
   599 | D:1      | HP: 4/17 [poisoned by you (poison gas)]
   602 | D:1      | HP: 1/17 [poisoned by you (poison gas)]
  1030 | D:2      | Reached skill level 4 in Axes
  1030 | D:2      | Reached XP level 3. HP: 10/21 MP: 7/7
  1769 | D:2      | Reached XP level 4. HP: 20/26 MP: 8/8
  2209 | D:2      | 2209 ||| SWAPPING to +0 war axe.
  2210 | D:2      | 2210 ||| DROPPING +1 hand axe.
  2211 | D:2      | 2211 ||| READING scroll labelled BENIES JUSEYSTRA.
  2212 | D:2      | 2212 ||| DRINKING 2 fizzy blue potions.
  2231 | D:3      | You fall into a shaft and drop 2 floors!
  2231 | D:5      | Entered Level 5 of the Dungeon
  2242 | D:5      | Reached skill level 5 in Axes
  2266 | D:5      | Noticed a yak
  2277 | D:5      | HP: 3/26 [yak (13)]
  2277 | D:5      | Mangled by a yak

Levels and vault maps discovered:
D:1:      minmay_arrival_four_houses, layout_rooms,
          shapermc_ecumenical_altar_mp_highgroup, serial_shops,
          nicolae_shop_advertising_works [nicolae_subvault_shop_adworks]
D:2:      layout_loops_ring
D:3:      layout_basic, uniq_robin, uniq_natasha
D:5:      layout_basic, ebering_ghost_sewer_f, serial_shops,
          nicolae_shop_statue_plus, serial_bayou_pond_b

Skill      XL: |  1  2  3  4 |
---------------+-------------+-----
Axes           | 3 4 5 |  5.5
Fighting       | |  2.0
Throwing       | |  1.0
Armour         | |  1.1
Dodging        | |  2.1
Spellcasting   | |  2.0
Translocations | |  2.4

Action                   |  1- 3 |  4- 6 || total
-------------------------+-------+-------++-------
Melee: Hand axe          |    52 |     5 ||    57
       Kick              |    10 |     6 ||    16
       Peck              |     3 |     1 ||     4
       War axe           |       |     8 ||     8
Throw: Boomerang         |     7 |       ||     7
  Use: Scroll            |     4 |     1 ||     5
       Potion            |       |     1 ||     1
Armor: Leather armour    |    11 |     5 ||    16
Dodge: Dodged            |    24 |     4 ||    28

Table legend:
 A = Non-vault XP
 B = Vault XP
 C = Vault XP percentage of total XP
 D = Non-vault monster count
 E = Vault monster count
 F = Vault count percentage of total count
                 A         B        C        D         E       F
            +---------+---------+-------+---------+---------+-------
      Total |     150 |      14 |   8.5 |      32 |       1 |   3.0
            +---------+---------+-------+---------+---------+-------
        D:1 |      32 |       0 |   0.0 |      19 |       0 |   0.0
        D:2 |      67 |       0 |   0.0 |      11 |       0 |   0.0
        D:5 |      51 |      14 |  21.5 |       2 |       1 |  33.3
            +---------+---------+-------+---------+---------+-------
